[Event "*** Titled Tuesday Blitz"]
[Site "Chess.com"]
[Date "2018.06.05"]
[Round "10"]
[White "TigranLPetrosyan"]
[Black "FairChess_on_YouTube"]
[Result "1-0"]
[WhiteElo "2830"]
[BlackElo "2939"]
[TimeControl "180+2"]
[EndTime "15:25:29 PDT"]
[Termination "TigranLPetrosyan won by resignation"]

1. Nf3 b6 2. g3 Bb7 3. Bg2 Nf6 4. O-O g6 5. d3 Bg7 6. e4 O-O 7. Re1 c5 8. Nc3 d6 9. a4 Nc6 10. Bf4 Nd7 11. Qd2 Nd4 12. Nxd4 cxd4 13. Nb5 a6 14. Na3 Qc7 15. Bh6 Rac8 16. Bxg7 Kxg7 17. f4 e5 18. Nc4 b5 19. axb5 axb5 20. Na5 Nc5 21. Rf1 f6 22. Qb4 Qb6 23. Kh1 Na6 24. Qd2 Nc5 25. Qb4 Na6 26. Qd2 Nc5 27. Rf2 Ra8 28. b4 Na4 29. Raf1 Nc3 30. g4 Rae8 31. g5 Bc8 32. gxf6+ Rxf6 33. fxe5 Rxf2 34. Qxf2 Be6 35. Qf6+ Kg8 36. Nb3 Qd8 37. Nxd4 Qxf6 38. Rxf6 Bd7 39. Rxd6 Re7 40. e6 Be8 41.
Kg1 Kf8 42. Kf2 Ra7 43. Rd8 Ke7 44. Rc8 Na2 45. c3 Ra3 46. Ne2 g5 47. Bh3 Bh5 48.
Rc7+ Kd8 49. Rd7+ Ke8 50. Nd4 g4 51. Nf5 gxh3 52. Rxh7 1-0

[Event "*** Titled Tuesday Blitz"]
[Site "Chess.com"]
[Date "2018.06.05"]
[Round "10"]
[White "Manukyan_Artak"]
[Black "HanSchut"]
[Result "0-1"]
[WhiteElo "2357"]
[BlackElo "2285"]
[TimeControl "180+2"]
[EndTime "15:25:35 PDT"]
[Termination "HanSchut won by resignation"]

1. e4 c5 2. Nf3 d6 3. Bb5+ Nd7 4. O-O a6 5. Bd3 b5 6. a4 c4 7. Be2 Bb7 8. d3 Ngf6 9. Nbd2 cxd3 10. Bxd3 b4 11.
Re1 g6 12. Nc4 Bg7 13. e5 dxe5 14. Nfxe5 O-O 15. Nxd7 Qxd7 16. Be3 Rad8 17. Bb6 Qc6 18. Qf3 Qxf3 19. gxf3 Rd7 20. Ne5 Rd5 21. Bc4 Rd2 22. Re2 Rxe2 23. Bxe2 Nd5 24. Nc4 Nxb6 25. Nxb6 Bxb2 26.
Rb1 Bc3 27. a5 Rd8 28. Nc4 Rd5 29. f4 Rd4 30. f3 Rxf4 31. Kf2 g5 32. Rd1 Rh4 33.
Kg3 e6 34. Rd8+ Kg7 35. Rd7 Bd5 36. Nb6 Be5+ 37. Kf2 Rxh2+ 38. Kf1 Bc6 39. Ra7 g4 40. fxg4 Bd4 41. Bd3 Bf3 42. Ke1 Be3 43. Rxa6 Rh1+ 44.
Bf1 Bg2 45. Ke2 Bxf1+ 46. Kxe3 Bxa6 47. Kd4 Rg1 48. Kc5 Rxg4 49. Nd7 h5 50. Kb6 Be2 51.
a6 Bxa6 52. Kxa6 h4 53. Ne5 Rg3 54. Kb5 h3 0-1

[Event "*** Titled Tuesday Blitz"]
[Site "Chess.com"]
[Date "2018.06.05"]
[Round "10"]
[White "goodtimes2020"]
[Black "dawtonlms"]
[Result "0-1"]
[WhiteElo "2270"]
[BlackElo "2392"]
[TimeControl "180+2"]
[EndTime "15:25:40 PDT"]
[Termination "dawtonlms won by resignation"]

1. e4 c5 2. Nf3 d6 3. d4 cxd4 4. Nxd4 Nf6 5. Nc3 a6 6. Bg5 e6 7. f4 Nbd7 8. Qe2 Be7 9. O-O-O Qc7 10. g4 b5 11. Bxf6 Nxf6 12. g5 Nd7 13. h4 Bb7 14. Bg2 b4 15. Na4 Qa5 16. b3 Nc5 17. f5 Nxa4 18. bxa4 e5 19. Nb3 Qxa4 20. Kb1 O-O-O 21. Qc4+ Kb8 22. Qxf7 Bf8 23. Nc5 Qc6 24. Qxb7+ Qxb7 25. Nxb7 Kxb7 26. Rd3 Kc6 27. Rhd1 Be7 28. a3 a5 29.
axb4 axb4 30. Kb2 h6 31. g6 Bxh4 32. Kb3 Be7 33. Rd5 Rb8 34. Ra1 Rhc8 35. Bf1 Kd7 36. Bc4 Rc7 37. Rb5 Rxb5 38. Bxb5+ Kc8 39. Bc4 Kb7 40.
Ra4 d5 41. Bxd5+ Kb6 42. Bc4 h5 43. Ra6+ Kc5 44. Re6 Bf6 45. Rxf6 gxf6 46. Bf7 h4 47. g7 Rc8 48. Bh5 h3 49. Bf3 h2 50. c3 bxc3 51.
Kxc3 Rg8 52. Kd3 Rxg7 53. Ke3 Rg3 54. Kf2 Rxf3+ 55. Kxf3 h1=Q+ 0-1

[Event "*** Titled Tuesday Blitz"]
[Site "Chess.com"]
[Date "2018.06.05"]
[Round "10"]
[White "nitpicker"]
[Black "nicegg"]
[Result "1-0"]
[WhiteElo "2067"]
[BlackElo "1887"]
[TimeControl "180+2"]
[EndTime "15:25:42 PDT"]
[Termination "nitpicker won by resignation"]

1. d4 Nf6 2. c4 e6 3. g3 Bb4+ 4. Bd2 c5 5. Bxb4 cxb4 6. e3 d5 7. Nd2 Nc6 8. Bg2 O-O 9. Ne2 a5 10. O-O Bd7 11. h3 Qc7 12. f4 Rfc8 13. Rc1 Qd8 14. e4 dxe4 15. Nxe4 Be8 16. Qd3 Rc7 17. Rfd1 a4 18. g4 g6 19. Qe3 Nxe4 20. Bxe4 Qe7 21.
Rd2 a3 22. b3 Rd8 23. Rcd1 Rcd7 24. Bg2 Qf6 25. d5 exd5 26. cxd5 Re7 27. Qc5 Nb8 28. Qxb4 Red7 29. Qxa3 Qb6+ 30. Nd4 Na6 31. Kh2 Rd6 32. Re2 Qa7 33. Rxe8+ Rxe8 34. Qxd6 Nb4 35. Qxb4 Qxa2 36. Rd2 Qb1 37. d6 Qe1 38. d7 Rd8 39. Nf3 Qe3 40. Qb6 Qxf4+ 41. Kh1 Qf6 42. Qxb7 Qa1+ 43. Kh2 Qf6 44. Re2 Qd6+ 45. Ne5 f6 46. Qd5+ Qxd5 47. Bxd5+ Kg7 48. Nc4 Rxd7 49. Bg2 Rd3 50. Rb2 Kh6 51. b4 f5 52. gxf5 gxf5 53. b5 Rd8 54. b6 Rb8 55. b7 Kg5 56. Ne5 Kf6 57. Nd7+ 1-0

[Event "*** Titled Tuesday Blitz"]
[Site "Chess.com"]
[Date "2018.06.05"]
[Round "10"]
[White "W_Amadeus"]
[Black "Alopekos"]
[Result "1-0"]
[WhiteElo "2536"]
[BlackElo "2366"]
[TimeControl "180+2"]
[EndTime "15:25:43 PDT"]
[Termination "W_Amadeus won by resignation"]

1. d4 Nf6 2. c4 e6 3. Nf3 d5 4. g3 Be7 5. Bg2 O-O 6. O-O dxc4 7. Ne5 c5 8. dxc5 Qc7 9. Nxc4 Qxc5 10. b3 Rd8 11. Nbd2 Nc6 12. Ba3 Nb4 13. Qc1 Rb8 14. Nf3 Bd7 15. Nfe5 Be8 16. Re1 Nfd5 17. Rd1 Rbc8 18.
Qb2 b5 19. Bxd5 exd5 20. Ne3 d4 21. Bxb4 Qxb4 22. Nf5 Bf6 23. Ng4 Qc3 24. Nxf6+ gxf6 25. Qxc3 dxc3 26. Ne7+ Kf8 27. Nxc8 Rxc8 28. b4 c2 29. Rdc1 Bd7 30. Kf1 Bf5 31. a3 Rc3 32. Ra2 Rb3 33. Ke1 h5 34. f3 h4 35. e4 Be6 36. Kf2 hxg3+ 37. hxg3 Rc3 38. Raxc2 Rxa3 39. Rc7 Rb3 40. Rxa7 Rxb4 41. Rcc7 Rb3 42. Ra8+ Kg7 43. Rb8 Bc4 44. Rcb7 Kg6 45. Rg8+ Kh7 46. Rbb8 b4 47. Rh8+ 1-0

[Event "*** Titled Tuesday Blitz"]
[Site "Chess.com"]
[Date "2018.06.05"]
[Round "10"]
[White "FearNoEvil12"]
[Black "Shivagami"]
[Result "1-0"]
[WhiteElo "1965"]
[BlackElo "2016"]
[TimeControl "180+2"]
[EndTime "15:25:50 PDT"]
[Termination "FearNoEvil12 won by resignation"]

1. e4 Nc6 2. Nf3 d6 3. d4 Nf6 4. Nc3 Bg4 5. Be2 e5 6. d5 Ne7 7. h3 Bd7 8. Be3 Ng6 9. Qd2 Be7 10. O-O-O O-O 11. g4 c5 12. Rdg1 b5 13. g5 b4 14.
gxf6 bxc3 15. Qxc3 Bxf6 16. h4 Nf4 17. Bf1 Rb8 18. h5 a5 19. a3 a4 20. Kb1 Nxd5 21. Qd2 Nxe3 22. fxe3 Be6 23. Bh3 Qb6 24. c3 Qb3 25. Bxe6 fxe6 26. Ka1 Rb6 27. Rh2 Rfb8 28. Rhg2 Qc4 29. Qe1 Qxe4 30. Nd2 Qc2 31. Nb1 Qe4 32. Rg4 Qd5 33. R1g2 e4 34. Qf1 Qe5 35.
Qg1 R8b7 36. h6 g6 37. Qf2 Qf5 38. Qg3 Be5 39. Qh4 Bf6 40. Qg3 d5 41. Qh2 Be5 42. Qg1 d4 43. exd4 cxd4 44. cxd4 Bf6 45. Qc1 Rb8 46.
Qc7 Bxd4 47. Rf4 Qe5 48. Qf7+ Kh8 49. Qf8+ 1-0

[Event "*** Titled Tuesday Blitz"]
[Site "Chess.com"]
[Date "2018.06.05"]
[Round "10"]
[White "Swarnapuri"]
[Black "Durarbayli"]
[Result "0-1"]
[WhiteElo "2488"]
[BlackElo "2669"]
[TimeControl "180+2"]
[EndTime "15:25:52 PDT"]
[Termination "Durarbayli won on time"]

1. d4 Nf6 2. Bf4 g6 3. e3 d6 4. Nf3 Bg7 5. h3 O-O 6. Be2 c5 7. c3 Nc6 8. O-O Qb6 9. Nbd2 Be6 10. Ng5 Bd7 11. Nc4 Qd8 12. dxc5 dxc5 13. a4 h6 14. Nf3 Be6 15. Nfe5 Nxe5 16. Bxe5 Bd5 17. Qc2 Be4 18. Qb3 Qc8 19. Nd2 Bd5 20. Bc4 Bc6 21.
Rfd1 Qf5 22. Bxf6 Bxf6 23. Bb5 Bh4 24. g3 Bf6 25. Bxc6 bxc6 26. Qc4 Rab8 27. Rab1 Qxh3 28. Ne4 h5 29. Qxc5 h4 30. Nxf6+ exf6 31. gxh4 Qg4+ 32.
Kf1 Qxh4 33. Qd4 Qh3+ 34. Ke2 Qh5+ 35. Ke1 Kg7 36. Qf4 Rbd8 37. Qc7 Qf5 38. Rbc1 Rc8 39. Qd7 Qf3 40. Qd3 Rh8 41. Rb1 Rce8 42. Kd2 Rd8 0-1

[Event "*** Titled Tuesday Blitz"]
[Site "Chess.com"]
[Date "2018.06.05"]
[Round "10"]
[White "Zufi1811"]
[Black "Supernotar"]
[Result "1-0"]
[WhiteElo "2474"]
[BlackElo "2441"]
[TimeControl "180+2"]
[EndTime "15:25:55 PDT"]
[Termination "Zufi1811 won by checkmate"]

1. e4 c6 2. d4 d5 3. f3 dxe4 4.
fxe4 e5 5. Nf3 Bg4 6. c3 Nd7 7. Bc4 Ngf6 8. O-O b5 9. Bb3 Bd6 10. Bg5 Qc7 11. h3 Bh5 12. Nbd2 O-O 13. Qe1 Bg6 14.
Qh4 exd4 15. e5 Nxe5 16. Bxf6 gxf6 17. Qxf6 dxc3 18. bxc3 Rae8 19. Nd4 Be7 20. Qf4 Bd6 21. Qh6 Bc5 22. Kh1 Bxd4 23. cxd4 Nd3 24. Rf6 Qg3 25. Nf1 Re1 26. Rxe1 Qxe1 27. Rxg6+ hxg6 28. Qxg6+ Kh8 29. Qxd3 Qf2 30. Kh2 Rg8 31. Ng3 Qf4 32. Bxf7 Qxf7 33. Nf5 Rg5 34. g4 Qc7+ 35. Kg2 Qf4 36. Ng3 Rd5 37. Ne2 Qf6 38. Qe4 Kg7 39. Nf4 Kf7 40.
Nxd5 cxd5 41. Qxd5+ Kf8 42. Qa8+ Kg7 43. Qxa7+ Kh6 44.
Qc5 Qf4 45. Qh5+ Kg7 46. Qe5+ Qxe5 47. dxe5 b4 48. Kf3 Kf7 49. Ke4 b3 50. axb3 Kg6 51. b4 Kg5 52. b5 Kh4 53. b6 Kxh3 54. b7 Kxg4 55. b8=Q Kg3 56. Qf8 Kg2 57. Qf3+ Kg1 58. Qe2 Kh1 59. Kf3 Kg1 60. Qg2# 1-0

[Event "*** Titled Tuesday Blitz"]
[Site "Chess.com"]
[Date "2018.06.05"]
[Round "10"]
[White "JosefineHeinemann"]
[Black "FMJoseHerrera"]
[Result "1-0"]
[WhiteElo "2339"]
[BlackElo "2437"]
[TimeControl "180+2"]
[EndTime "15:25:57 PDT"]
[Termination "JosefineHeinemann won by checkmate"]

1. e4 c5 2. Nf3 e6 3. d4 cxd4 4. Nxd4 a6 5. Bd3 Qc7 6. O-O b6 7. Qe2 Bb7 8. f4 d6 9. c4 Nd7 10. b3 Ngf6 11. Bb2 Be7 12. Nc3 Rc8 13. Rae1 Qb8 14. e5 Ng8 15. exd6 Qxd6 16. Ne4 Qc7 17. f5 e5 18. Ne6 fxe6 19. fxe6 Ndf6 20. Ng5 e4 21. Nxe4 Nxe4 22. Bxe4 Bxe4 23. Qxe4 Nf6 24.
Bxf6 Bxf6 25. e7 Qc6 26. Qg4 Qc5+ 27. Kh1 Rc7 28. Rxf6 gxf6 29. Qg7 Rxe7 30. Qxh8+ Kd7 31. Rd1+ Kc7 32. Qxf6 Qe3 33. Qd6+ Kb7 34. h3 h5 35.
Qd5+ Ka7 36. Qxh5 Qf2 37. Qg5 Rf7 38. a4 Qc2 39. Qd5 Rg7 40. b4 Qxa4 41. c5 Qxb4 42. cxb6+ Qxb6 43. h4 a5 44. h5 Rh7 45. g4 Rg7 46. g5 Qf2 47. Qxa5+ Kb7 48. Qb5+ Kc7 49.
Qc4+ Kb8 50. Qb5+ Kc7 51. Rc1+ Kd6 52. Qc6+ Ke5 53. Rc5+ Kf4 54. Qa4+ Ke3 55. Rc3+ Kd2 56. Rc2+ Ke1 57. Qa1# 1-0

[Event "*** Titled Tuesday Blitz"]
[Site "Chess.com"]
[Date "2018.06.05"]
[Round "10"]
[White "GianmarcoVaR"]
[Black "Last7Samurai"]
[Result "0-1"]
[WhiteElo "2526"]
[BlackElo "2695"]
[TimeControl "180+2"]
[EndTime "15:26:06 PDT"]
[Termination "Last7Samurai won by checkmate"]

1. d4 d5 2. Nf3 Nf6 3. c4 c6 4. Qb3 e6 5. Bg5 Nbd7 6. Nc3 Be7 7. g3 O-O 8. Bg2 b6 9. O-O Ba6 10. cxd5 cxd5 11. Qa4 Bb7 12. Ne5 Nxe5 13. dxe5 Nd7 14.
Bxe7 Qxe7 15. Qd4 Rac8 16. f4 Rc4 17. Qd2 Rfc8 18. Rac1 Ba6 19. Rfd1 h5 20. e3 h4 21. Bf1 hxg3 22. hxg3 b5 23. Bxc4 bxc4 24. Ne4 Rb8 25. Nd6 f6 26. Qd4 fxe5 27. fxe5 Qg5 28. Qf4 Qxe5 29.
Qf7+ Kh7 30. Kg2 Rxb2+ 31. Kh3 Nf6 32. Rd4 Nh5 33. Rg4 c3 34. Qg6+ Kg8 35. Qe8+ Kh7 36. Nf7 Rb8 37. Nxe5 Rxe8 38. Rxc3 Bf1+ 39. Kh2 Nf6 40. Rf4 Be2 41. Rc7 Ne4 42. g4 Rb8 43. g5 Rb2 44. g6+ Kh6 45. Rh4+ Kg5 46. Rh3 Bg4+ 47. Kg1 Bxh3 48. Rxg7 Ng3 49. Nf3+ Kf6 50.
Rf7+ Kxg6 51. Ne5+ Kh6 52. Rf3 Rg2# 0-1

[Event "*** Titled Tuesday Blitz"]
[Site "Chess.com"]
[Date "2018.06.05"]
[Round "10"]
[White "maciek_92"]
[Black "OK97"]
[Result "1-0"]
[WhiteElo "2629"]
[BlackElo "2653"]
[TimeControl "180+2"]
[EndTime "15:26:06 PDT"]
[Termination "maciek_92 won by resignation"]

1. d4 Nf6 2. c4 e6 3. Nc3 Bb4 4. e3 O-O 5. Bd3 c5 6. a3 Bxc3+ 7. bxc3 d6 8. e4 e5 9. Ne2 Nc6 10. O-O Nd7 11. Be3 cxd4 12. cxd4 exd4 13. Nxd4 Nde5 14.
Nxc6 bxc6 15. Be2 Be6 16. Rc1 f5 17. exf5 Bxf5 18. Qd4 Qe7 19. Rcd1 Rfd8 20. Rfe1 c5 21. Qc3 Qf6 22. Bc1 Rab8 23. h3 Be4 24. Qg3 h6 25. f4 Nc6 26. Bg4 Bf5 27. Bf3 Nd4 28. Bd5+ Kh8 29. Re3 Rb3 30. Rxb3 Ne2+ 31. Kh2 Nxg3 32.
Rxg3 Re8 33. Rd2 Rb8 34. Re2 Kh7 35. Bd2 Rb2 36. Bc3 Qxc3 37. Rxc3 Rxe2 38. Kg3 Be4 39. Bxe4+ Rxe4 40. Kf3 Rd4 41. Ke3 Kg6 42. Rd3 Rxd3+ 43.
Kxd3 Kf5 44. Ke3 h5 45. g3 a5 46. Kf3 a4 47. Ke3 g5 48. fxg5 Kxg5 49. Ke4 h4 50.
gxh4+ Kxh4 51. Kd5 Kxh3 52. Kxd6 1-0

[Event "*** Titled Tuesday Blitz"]
[Site "Chess.com"]
[Date "2018.06.05"]
[Round "10"]
[White "Fighterman91"]
[Black "BillieKimbah"]
[Result "1-0"]
[WhiteElo "2636"]
[BlackElo "2787"]
[TimeControl "180+2"]
[EndTime "15:26:10 PDT"]
[Termination "Fighterman91 won by resignation"]

1. e4 c5 2. Nf3 e6 3. b3 a6 4. Bb2 Nc6 5. d4 cxd4 6. Nxd4 Qc7 7.
Nxc6 bxc6 8. Nd2 d5 9. Bd3 Nf6 10. Qe2 Be7 11. O-O O-O 12. c4 a5 13. Rac1 Qf4 14.
g3 Qh6 15. cxd5 cxd5 16. e5 Nd7 17. Bd4 a4 18. Bb5 axb3 19. axb3 Nb8 20. Nf3 Ba6 21. Rc7 Bd8 22. Ra7 Rxa7 23. Bxa7 Nc6 24. Be3 Bxb5 25. Qxb5 Qh5 26. Qxc6 Qxf3 27. Bc5 Qxb3 28. Qd6 Be7 29.
Qxe7 Ra8 30. Qg5 h6 31. Qe3 Qc2 32. Rc1 Qf5 33. Bd4 Ra4 34. Rd1 Qg4 35. f3 Qf5 36. g4 Qc2 37. Rc1 Qg6 38. Kg2 h5 39.
h3 Ra2+ 40. Kg3 Kh7 41. Rc7 Kg8 42. Rc8+ Kh7 43. Rc3 Kg8 44. Qd3 h4+ 45. Kxh4 Qh6+ 46. Kg3 g5 47. Rc2 Ra4 48. Rc8+ Kg7 49. Qd2 Qh4+ 50. Kg2 Ra3 51. Bf2 Qh6 52. Be3 Qg6 53. Bxg5 Qb1 54. Bf6+ Kh7 55. Rh8+ 1-0

[Event "*** Titled Tuesday Blitz"]
[Site "Chess.com"]
[Date "2018.06.05"]
[Round "10"]
[White "kuli4ik"]
[Black "Parhamov"]
[Result "0-1"]
[WhiteElo "2714"]
[BlackElo "2841"]
[TimeControl "180+2"]
[EndTime "15:26:14 PDT"]
[Termination "Parhamov won by resignation"]

1. d4 Nf6 2. Bg5 d5 3. Bxf6 gxf6 4. e3 e6 5. Nf3 c5 6. c3 Nc6 7. Nbd2 f5 8. g3 Qb6 9. Qb3 c4 10. Qc2 Bd7 11. b3 cxb3 12. axb3 Rc8 13. Be2 a6 14.
O-O Be7 15. c4 O-O 16. Rfc1 Nb4 17. Qc3 a5 18. Ne5 Be8 19. Bf3 Qd8 20. Nd3 b6 21. Nf4 Bd6 22. Ne2 Bc6 23. Rd1 Qe7 24.
Qb2 dxc4 25. Bxc6 c3 26. Nxc3 Rxc6 27. Nc4 Nd5 28. Nxd5 exd5 29. Nxd6 Qxd6 30. Rac1 Rfc8 31. Rxc6 Rxc6 32. Qb1 Qe6 33. Qd3 h5 34. h4 Qe4 35.
Qb5 Rg6 36. Kh2 Kg7 37. Rg1 Qf3 38. Rf1 Qe4 39. Rg1 Qc2 40. Kg2 f4 41. exf4 Qe4+ 42. Kh2 Qxd4 43. Rf1 Re6 44. Kg2 Qe4+ 45. Kg1 Rg6 46.
Rd1 Rd6 47. Rd3 d4 48. Qe5+ Qxe5 49. fxe5 Rd5 50. f4 Kg6 51. Kf2 Kf5 52. Kf3 b5 53.
Rd1 a4 54. bxa4 bxa4 55. Ke2 Ke4 56. Kd2 Rb5 57. Re1+ Kd5 58. Ra1 Rb2+ 59. Kd3 Rb3+ 60. Kd2 a3 61. g4 hxg4 62. h5 g3 63. h6 g2 64. Ke2 a2 65. Kf2 Rb1 66. h7 g1=Q+ 0-1

[Event "*** Titled Tuesday Blitz"]
[Site "Chess.com"]
[Date "2018.06.05"]
[Round "10"]
[White "Keaton87"]
[Black "Alexandr_Predke"]
[Result "0-1"]
[WhiteElo "2482"]
[BlackElo "2653"]
[TimeControl "180+2"]
[EndTime "15:26:15 PDT"]
[Termination "Alexandr_Predke won by resignation"]

1. e4 e5 2. Nf3 Nc6 3. Bb5 a6 4. Ba4 Nf6 5. d4 exd4 6. O-O Be7 7. Re1 O-O 8. e5 Nd5 9. Nxd4 Nb6 10. Bb3 d5 11. exd6 Bxd6 12. Nxc6 bxc6 13. Nc3 Qh4 14. g3 Qh3 15. Qf3 Bg4 16. Qg2 Qh5 17. f4 Rae8 18. Be3 Nd7 19. Bf2 Bf3 20. Qf1 Nf6 21.
h3 c5 22. Bc4 Bc6 23. Be2 Rxe2 24. Rxe2 Qf3 25. Kh2 Qh5 26. Kg1 Qf3 27. Kh2 Qh5 28.
Kg1 Ng4 29. Rae1 c4 30. Ne4 Nxf2 31. Qxf2 Bxe4 32. Rxe4 Bc5 33. R4e3 Qxh3 34. Qg2 Qf5 35. Kf1 Bxe3 36. Rxe3 Rd8 37. Qe2 h5 38. Re8+ Rxe8 39. Qxe8+ Kh7 40. Qe2 Qd5 41. Kf2 g6 42. Qe8 Qd4+ 43.
Kf3 Kg7 44. c3 Qd1+ 45. Kg2 Qc2+ 46. Kf3 Qd3+ 47. Kg2 Qd5+ 48. Kf2 Qe6 49. Qxe6 fxe6 50. Ke3 Kf6 51. Kd4 g5 52. fxg5+ Kxg5 53. Ke3 Kg4 54. Kf2 e5 55. b3 cxb3 56. axb3 c5 57. b4 cxb4 58. cxb4 e4 0-1

[Event "*** Titled Tuesday Blitz"]
[Site "Chess.com"]
[Date "2018.06.05"]
[Round "10"]
[White "blitzcopter"]
[Black "DiamondCrusher22"]
[Result "1-0"]
[WhiteElo "2108"]
[BlackElo "1996"]
[TimeControl "180+2"]
[EndTime "15:26:16 PDT"]
[Termination "blitzcopter won by checkmate"]

1. e4 e5 2. Bc4 Nf6 3. d3 Nc6 4. Nc3 Bb4 5. Ne2 O-O 6. O-O d6 7. Bg5 h6 8. Bxf6 Qxf6 9. Nd5 Qg6 10. c3 Ba5 11. b4 Bh3 12. Ng3 Bg4 13. Qd2 Bb6 14.
b5 Rfe8 15. bxc6 bxc6 16. Nxb6 cxb6 17. h3 Be6 18. Bxe6 fxe6 19. Qe3 Rf8 20. f4 exf4 21. Rxf4 Kh7 22. Raf1 Qg5 23. h4 Qe7 24. Rxf8 Rxf8 25. Rxf8 Qxf8 26. Qf3 Qe7 27. h5 Qg5 28. c4 Qc1+ 29.
Kh2 Qb1 30. a3 Qb3 31. Ne2 Qxa3 32. Nd4 d5 33. Nxe6 Qd6+ 34. Nf4 dxc4 35. dxc4 a5 36.
Kh3 a4 37. Qd3 Qxf4 38. e5+ Kg8 39. Qd8+ Kh7 40. Qd3+ Kg8 41. Qd8+ Qf8 42. Qxb6 a3 43. Qb3 Qa8 44. Qa2 Qa4 45. e6 Kf8 46. Qf2+ Ke7 47. Qf7+ Kd6 48. Qd7+ Ke5 49. e7 Qb3+ 50. g3 a2 51. e8=Q+ Kf6 52. Qdf7+ Kg5 53. Qe5# 1-0

[Event "*** Titled Tuesday Blitz"]
[Site "Chess.com"]
[Date "2018.06.05"]
[Round "10"]
[White "GMMatamoros"]
[Black "Keranke"]
[Result "0-1"]
[WhiteElo "2528"]
[BlackElo "2731"]
[TimeControl "180+2"]
[EndTime "15:26:24 PDT"]
[Termination "Keranke won by resignation"]

1. Nf3 g6 2. g3 Bg7 3. d4 Nf6 4. Bg2 O-O 5. c4 d6 6. O-O c6 7. Nc3 Qa5 8. e4 Qh5 9. Ng5 Qxd1 10.
Rxd1 e5 11. d5 cxd5 12. cxd5 Na6 13. f3 Bd7 14. Be3 Rfc8 15. Rac1 Nc5 16. Bf1 a6 17. Nh3 Ne8 18. Nf2 f5 19. Nd3 Nxd3 20. Bxd3 Nf6 21. Kg2 Kf7 22. b3 Ke7 23. Na4 Bxa4 24. bxa4 fxe4 25.
fxe4 Nd7 26. Rb1 Rc7 27. Rdc1 Rac8 28. Rxc7 Rxc7 29. Kf3 Kd8 30. Ke2 Kc8 31. Rf1 Bf6 32. g4 Bd8 33. Rf7 Nf6 34. Rxc7+ Bxc7 35. h3 Ba5 36.
Kf3 Bb4 37. Bf1 Bc5 38. Bd2 Nd7 39. g5 Kc7 40. h4 Bd4 41. a5 Nc5 42. Bh3 Kd8 43.
Bb4 Bg1 44. Bg4 Bd4 45. h5 Bb2 46. h6 Bc1 47. Bxc5 dxc5 48. Be6 Bxg5 49. Bg8 Bxh6 50. Bxh7 g5 51. Bf5 Kc7 52. Ke2 c4 53. Kd2 g4+ 54.
Kc3 g3 55. Bh3 Kd6 56. Kxc4 Bd2 57. a4 Bxa5 58. Kd3 b5 59. axb5 axb5 60. Kc2 Kc5 61.
Kb3 Bc7 62. Bg2 Bd6 63. Bh3 Kd4 64. Bg2 Ke3 0-1

[Event "*** Titled Tuesday Blitz"]
[Site "Chess.com"]
[Date "2018.06.05"]
[Round "10"]
[White "nubair1198"]
[Black "Beca95"]
[Result "0-1"]
[WhiteElo "2537"]
[BlackElo "2762"]
[TimeControl "180+2"]
[EndTime "15:26:30 PDT"]
[Termination "Beca95 won on time"]

1. d4 Nf6 2. c4 c5 3. d5 e6 4.
Nc3 exd5 5. cxd5 d6 6. e4 g6 7.
h3 Bg7 8. Nf3 O-O 9. Bd3 Nbd7 10. O-O Re8 11. Bf4 c4 12. Bc2 Nc5 13. Re1 b5 14. e5 dxe5 15. Nxe5 Qb6 16. Nc6 Bb7 17. Ne7+ Rxe7 18. Rxe7 b4 19. Bc7 Qa6 20. Qd4 bxc3 21.
Qxc5 Nxd5 22. bxc3 Nxe7 23. Qxe7 Qc6 24. f3 Re8 25.
Qd6 Bxc3 26. Rb1 Be5 27. Qxc6 Bxc6 28. Bxe5 Rxe5 29. Kf2 Ra5 30. a4 Kg7 31. Rb4 Bd5 32. Ke3 Kf6 33. Kd4 h6 34. h4 g5 35. h5 Be6 36.
Be4 g4 37. f4 Rxh5 38. Rb7 Ra5 39. Bc2 h5 40. g3 h4 41. gxh4 g3 42. Ke3 Rh5 43.
Rxa7 Rxh4 44. Be4 c3 45. Rc7 Rh3 46. Bg2 Rh2 47. Bf3 c2 48. a5 g2 49. Bxg2 Rxg2 50.
Rc6 Kf5 51. Rc5+ Kf6 52. a6 Rg8 53. Rxc2 Ra8 54. Rc6 Kf5 55. Rc5+ Kf6 56. Rc6 Ra7 57. Kd4 Kf5 58. Kc5 Kxf4 59. Kb6 Ra8 60. a7 Bd5 61.
Rd6 Ke5 62. Rd7 f5 63. Kc5 Be4 64. Re7+ Kf6 65. Rc7 Ke5 66. Re7+ Kf4 67. Kd4 Rd8+ 68. Kc5 Kf3 69. Re6 f4 70. Kb6 Ke3 0-1

[Event "*** Titled Tuesday Blitz"]
[Site "Chess.com"]
[Date "2018.06.05"]
[Round "10"]
[White "olomi007"]
[Black "Anton_Demchenko"]
[Result "1-0"]
[WhiteElo "2653"]
[BlackElo "2754"]
[TimeControl "180+2"]
[EndTime "15:26:35 PDT"]
[Termination "olomi007 won by resignation"]

1. e4 c5 2. Nf3 d6 3. d4 cxd4 4. Nxd4 Nf6 5. Nc3 Nc6 6. Bg5 e6 7. Qd2 a6 8. O-O-O Bd7 9. f4 Be7 10. Nf3 b5 11. Bxf6 gxf6 12. Kb1 Qb6 13. g3 O-O-O 14.
Bh3 Kb8 15. f5 Na5 16. Qe1 b4 17. Ne2 e5 18. Nc1 Nc4 19. Bf1 Ne3 20. Rd2 d5 21. exd5 Bxf5 22. Re2 Nxd5 23. Bg2 a5 24. Nxe5 fxe5 25.
Rxe5 Be6 26. Bxd5 Bxd5 27. Rxe7 Bxh1 28. Qxh1 Rc8 29. Qd5 Rhd8 30. Qxf7 Rd1 31. Qf4+ Qd6 32. Qe4 Qc6 33. Qe5+ Rc7 34. Rxc7 Qxc7 35. Qb5+ Ka7 36. Qe2 Rd6 37. Nd3 Rc6 38. b3 Qb6 39. Qe7+ Rc7 40.
Qe5 Kb7 41. g4 Qc6 42. Qe2 Qh1+ 43. Kb2 Qd5 44. a3 bxa3+ 45. Kxa3 Qd4 46. Ka2 Ka7 47. g5 a4 48. Nb2 axb3+ 49. cxb3 Qc5 50. Qe4 Qa5+ 51.
Na4 Qd2+ 52. Ka3 Qd6+ 53. Kb2 Qxh2+ 54. Ka3 Qd6+ 55. b4 Qd2 56. Nc5 Rf7 57. Qc6 Qc1+ 58.
Ka4 Qd1+ 59. Ka5 Qa1+ 60. Kb5 Qf1+ 61. Ka5 Qa1+ 62. Kb5 Re7 63. Qb6+ Ka8 64. Qd8+ Ka7 65. Qxe7+ 1-0

[Event "*** Titled Tuesday Blitz"]
[Site "Chess.com"]
[Date "2018.06.05"]
[Round "10"]
[White "Jadeit90"]
[Black "Litti"]
[Result "1-0"]
[WhiteElo "2208"]
[BlackElo "2325"]
[TimeControl "180+2"]
[EndTime "15:26:38 PDT"]
[Termination "Jadeit90 won by resignation"]

1. e4 c5 2. Nc3 Nc6 3. g3 g6 4.
Bg2 Bg7 5. d3 d6 6. Be3 Nf6 7. h3 O-O 8. Nge2 Rb8 9. a4 a6 10. O-O b5 11. axb5 axb5 12. Qd2 b4 13.
Nd1 Re8 14. f4 Bb7 15. Nf2 Nd7 16. g4 Bxb2 17. Rab1 Bg7 18. g5 Ra8 19. h4 Ra2 20. Nc1 Ra3 21. h5 Nd4 22. f5 gxf5 23. Bxd4 Bxd4 24.
exf5 Bxg2 25. Kxg2 Ne5 26. Ne4 d5 27. Ng3 Ng4 28.
Re1 Bc3 29. Qe2 Bxe1 30. Qxe1 Qd6 31. Nce2 Ne3+ 32. Kh3 Nxc2 33. Qc1 Nd4 34. Nxd4 cxd4 35. Qd2 Qa6 36. Rd1 b3 37. Qf4 Ra1 38. Rd2 Ra2 39. Rd1 Qb6 40. h6 b2 41. Qe5 f6 42. Qxd5+ Kf8 43.
Qxa2 fxg5 44. Ne4 Qxh6+ 45. Kg2 Qb6 46. Nxg5 Rb8 47. Ne6+ Ke8 48. Rb1 Qc6+ 49. Kg3 Qd6+ 50. Nf4 Qh6 51. Qg8+ Kd7 52. Qxb8 Qg5+ 53. Kf3 Qxf5 54.
Qb7+ Ke8 55. Rxb2 h5 56. Qb5+ Qxb5 57. Rxb5 h4 58. Rh5 1-0

[Event "*** Titled Tuesday Blitz"]
[Site "Chess.com"]
[Date "2018.06.05"]
[Round "10"]
[White "tteshan"]
[Black "LuisFSiles"]
[Result "0-1"]
[WhiteElo "1989"]
[BlackElo "2154"]
[TimeControl "180+2"]
[EndTime "15:26:40 PDT"]
[Termination "LuisFSiles won by resignation"]

1. d4 Nf6 2. c4 g6 3. Nc3 Bg7 4. e4 d6 5. Be2 O-O 6. Bg5 c6 7. Qd2 Nbd7 8. h4 e5 9. d5 cxd5 10. Nxd5 h6 11. Bxf6 Nxf6 12. Nxf6+ Qxf6 13. Rd1 Rd8 14. g4 Be6 15. g5 Qf4 16. Qxf4 exf4 17. Rd2 Rac8 18. Rc2 b5 19. b3 bxc4 20. bxc4 hxg5 21.
hxg5 Rc5 22. Nf3 Rdc8 23. Kd2 Bxc4 24. Bxc4 Rxc4 25. Rhc1 Rxc2+ 26. Rxc2 Rb8 27. Kd3 Be5 28. Nxe5 dxe5 29. Rc5 Rb2 30. Ra5 Rxf2 31. Rxa7 Rf3+ 32. Ke2 Re3+ 33. Kf2 Rxe4 34. a4 Re3 35. a5 Ra3 36. a6 e4 37. Ra8+ Kg7 38. a7 Ra2+ 39.
Kf1 e3 40. Re8 Rxa7 41. Re4 Ra1+ 42. Ke2 Ra2+ 43. Kf3 Rf2+ 44. Kg4 e2 45. Kh3 f3 46. Kg3 Rf1 47. Kg4 e1=Q 48. Rxe1 Rxe1 49. Kxf3 Re5 50. Kf4 Rf5+ 51. Kg4 f6 52. gxf6+ Kxf6 53. Kg3 Kg5 54. Kh3 Rf3+ 55. Kg2 Kg4 56. Kh2 Rf2+ 57. Kh1 Kh3 58. Kg1 Kg3 0-1